 Dungeon Crawl Stone Soup version 0.23-a0-650-ga4d50d4 (webtiles) character file.

111 Ghella the Poker (level 4, -4/37 HPs)
             Began as a Merfolk Fighter on Jan 2, 2019.
             Slain by an ogre
             ... wielding a +0 giant club
              (12 damage)
             ... on level 3 of the Dungeon.
             The game lasted 00:06:03 (3046 turns).

Ghella the Poker (Merfolk Fighter)                  Turns: 3046, Time: 00:06:04

Health: -4/37      AC:  7    Str: 17    XL:     4   Next: 92%
Magic:  4/4        EV:  7    Int:  7    God:
Gold:   117        SH:  9    Dex: 13    Spells: 3/3 levels left

rFire    . . .     SeeInvis .   a - +0 trident
rCold    . . .     Gourm    .   c - +0 shield
rNeg     . . .     Faith    .   b - +0 scale mail
rPois    .         Spirit   .   (no helmet)
rElec    .         Reflect  .   p - +0 cloak
rCorr    .         Harm     .   (no gloves)
MR       .....                  (no boots)
Stlth    ..........             (no amulet)
HPRegen  0.12/turn              (no ring)
MPRegen  0.09/turn              (no ring)

@: no status effects
A: change form in water, swift swim, stealthy swim
a: no special abilities


You were on level 3 of the Dungeon.
You were hungry.

You visited 1 branch of the dungeon, and saw 3 of its levels.

You collected 117 gold pieces.

Inventory:

Hand Weapons
 a - a +0 trident (weapon)
Armour
 b - a +0 scale mail (worn)
 c - a +0 shield (worn)
 p - a +0 cloak (worn)
Jewellery
 n - an uncursed ring of positive energy {unknown}
 t - a +5 ring of dexterity {unknown}
Scrolls
 e - 3 scrolls of teleportation {unknown}
 i - 2 scrolls of remove curse {unknown}
 j - 2 scrolls of identify {unknown}
 k - a scroll of enchant weapon {unknown}
 l - 3 scrolls of fog {unknown}
 m - a scroll of magic mapping {unknown}
 o - a scroll of amnesia {unknown}
Potions
 d - a potion of haste {unknown}
 g - a potion of agility {unknown}
 h - a potion of curing
 q - 2 potions of heal wounds {unknown}
 r - a potion of ambrosia {unknown}
 s - a potion of flight {unknown}
Comestibles
 f - 3 rations


   Skills:
 + Level 3.7 Fighting
 + Level 4.4 Polearms
 + Level 2.7 Armour
 + Level 1.4 Dodging
 + Level 3.7 Shields


You had 3 spell levels left.
You didn't know any spells.
Your spell library was empty.

Dungeon Overview and Level Annotations

Branches:
Dungeon (3/15)

Altars:

Annotations:
D:2 Sigmund


Message History

The ogre is heavily wounded.
The ogre hits you with a +0 giant club.
* * * LOW HITPOINT WARNING * * *
Attack whom?
Press: ? - help, Dir - move target cursor, f/p - ogre
Aim: an ogre, wielding a +0 giant club (heavily wounded)
You reach to attack!
You puncture the ogre!
The ogre is severely wounded.
The ogre hits you with a +0 giant club.
* * * LOW HITPOINT WARNING * * *
You open the door.
There is an open door here.
There is a stone staircase leading down here.
The goblin unwields a +0 dagger.
The goblin wields a +0 hunting sling.
The goblin shoots a stone.
The stone barely misses you.
You see here a stone.
There is an open door here.
There is an open door here.
The ogre hits you with a +0 giant club!
You die...

####### #...O.#
### #g###@# ###.#
#.###.#
....#.######'#...#
###.#..........###
###.#........g.#
..#.#.......g..#
....#..........#
....#..........#
#...#..........#


You could see an ogre, a hobgoblin and a goblin.

Vanquished Creatures
  Jessica (D:3)
  An iguana (D:2)
  An adder (D:3)
  2 worms (D:3)
  3 leopard geckos
  A giant cockroach (D:2)
  8 goblins
  5 hobgoblins
  4 kobolds
  A ball python (D:3)
  5 bats (D:1)
  5 frilled lizards
  5 rats
42 creatures vanquished.

Notes
Turn   | Place    | Note
-------+----------+-------------------------------------------
     0 | D:1      | Ghella the Merfolk Fighter began the quest for the Orb.
     0 | D:1      | Reached XP level 1. HP: 18/18 MP: 1/1
   651 | D:1      | Reached XP level 2. HP: 24/24 MP: 2/2
  1275 | D:2      | Reached skill level 1 in Dodging
  1275 | D:2      | Reached XP level 3. HP: 25/29 MP: 3/3
  1509 | D:2      | Reached skill level 4 in Polearms
  1821 | D:2      | Reached XP level 4. HP: 35/35 MP: 4/4
  1864 | D:2      | Noticed Sigmund
  2759 | D:3      | Noticed Jessica
  2785 | D:3      | Killed Jessica
  2902 | D:3      | Noticed an ogre
  3046 | D:3      | Slain by an ogre

Vault maps used:
D:1:      lemuel_arrival_hallway
D:2:      uniq_sigmund
D:3:      minmay_angry_zag, uniq_jessica

Skill      XL: |  1  2  3 |
---------------+----------+-----
Dodging        | 1 |  1.4
Polearms       | 4 |  4.4
Fighting       | |  3.7
Armour         | |  2.7
Shields        | |  3.7

Action                   |  1- 3 |  4- 6 || total
-------------------------+-------+-------++-------
Melee: Trident           |   118 |    72 ||   190
  Use: Potion            |     2 |     1 ||     3
  Eat: Chunk             |     2 |     4 ||     6
Armor: Scale mail        |    33 |    24 ||    57
Dodge: Dodged            |    30 |    20 ||    50
Block: Shield            |    52 |    41 ||    93

Table legend:
 A = Non-vault XP
 B = Vault XP
 C = Vault XP percentage of total XP
 D = Non-vault monster count
 E = Vault monster count
 F = Vault count percentage of total count
                 A         B        C        D         E       F
            +---------+---------+-------+---------+---------+-------
      Total |     122 |      37 |  23.3 |      41 |       1 |   2.4
            +---------+---------+-------+---------+---------+-------
        D:1 |      27 |       0 |   0.0 |      16 |       0 |   0.0
        D:2 |      56 |       0 |   0.0 |      12 |       0 |   0.0
        D:3 |      39 |      37 |  48.7 |      13 |       1 |   7.1
            +---------+---------+-------+---------+---------+-------
